 Dungeon Crawl Stone Soup version 0.31-a0-198-g2ad674f65e (webtiles) character file.

Game seed: 17847256463064031047

25 qw the Shooter (level 2, -1/16 HPs)
             Began as a Deep Elf Hunter on June 25, 2023.
             Slain by a frilled lizard (3 damage)
             ... on level 1 of the Dungeon.
             The game lasted 00:00:16 (307 turns).

qw the Shooter (Deep Elf Hunter)                     Turns: 307, Time: 00:00:17

Health: -1/16      AC:  3    Str:  8    XL:     2   Next: 82%
Magic:  4/4        EV: 12    Int: 13    God:
Gold:   19         SH:  0    Dex: 18    Spells: 1/1 levels left

rFire   . . .        a - +0 shortbow
rCold   . . .        (shield currently unavailable)
rNeg    . . .        c - +0 leather armour
rPois   .            (no helmet)
rElec   .            (no cloak)
rCorr   .            (no gloves)
SInv    .            (no boots)
Will    .....        (no amulet)
Stlth   ++           (no ring)
HPRegen 0.22/turn    (no ring)
MPRegen 0.09/turn

%: no passive effects
@: no status effects
A: no striking features
a: no special abilities


You were on level 1 of the Dungeon.
You visited 1 branch of the dungeon, and saw 1 of its levels.

You collected 19 gold pieces.


   Skills:
 - Level 1.5 Fighting
 + Level 6.5 Ranged Weapons
 - Level 2.4 Dodging
 - Level 1.2 Stealth


You had one spell level left.
You didn't know any spells.
Your spell library was empty.

Inventory:

Hand Weapons
 a - a +0 shortbow (weapon)
Armour
 c - a +0 leather armour (worn)
Scrolls
 b - a scroll of butterflies
 d - a scroll of poison {unknown}
 e - a scroll of fear {unknown}
 f - a scroll of torment {unknown}
 g - a scroll of identify {unknown}

Dungeon Overview and Level Annotations

Branches:
Dungeon (1/15)

Altars:


Message History

You shoot an arrow. The arrow hits the jackal.
You kill the jackal!
The rat bites you but does no damage. The rat barely misses you.
The frilled lizard bites you but does no damage.
You shoot an arrow.
The arrow hits the rat but does no damage.
The rat bites you but does no damage. The rat barely misses you.
The frilled lizard bites you but does no damage.
You shoot an arrow. The arrow closely misses the rat.
The rat barely misses you. The rat bites you but does no damage.
The frilled lizard misses you.
You shoot an arrow. The arrow hits the rat!
You kill the rat!
The rat misses you.
The frilled lizard completely misses you.
The rat closely misses you.
The frilled lizard bites you but does no damage.
You shoot an arrow.
The arrow closely misses the frilled lizard.
The rat bites you but does no damage. The frilled lizard closely misses you.
You shoot an arrow.
The arrow barely misses the frilled lizard.
The rat barely misses you. The frilled lizard closely misses you.
You shoot an arrow. The arrow misses the frilled lizard.
The rat bites you but does no damage. The frilled lizard barely misses you.
You shoot an arrow. The arrow misses the frilled lizard.
The rat bites you. The frilled lizard barely misses you.
You shoot an arrow.
The arrow barely misses the frilled lizard.
The frilled lizard barely misses you. The rat bites you.
You shoot an arrow.
The arrow barely misses the frilled lizard.
The rat closely misses you. The frilled lizard closely misses you.
You shoot an arrow.
The arrow barely misses the frilled lizard.
The rat closely misses you. The frilled lizard misses you.
You shoot an arrow.
The arrow barely misses the frilled lizard.
The rat bites you but does no damage. The frilled lizard bites you. x2
You die...

#..........##...######
##..#.
#....>.....##.#......##
##.#.
#############.#..^.....
#.#. #.......... #...
#.)........ ####
#.......... #
#...%...... #...%......
#..@l...... ##.r%......
##.....#.. ........#
........# ....(.....
.......... ....[......


You could see a frilled lizard and a rat.

Vanquished Creatures
  A bat (D:1)
  3 endoplasms (D:1)
  2 giant cockroaches (D:1)
  3 goblins (D:1)
  3 hobgoblins (D:1)
  A jackal (D:1)
  4 kobolds (D:1)
  3 ball pythons (D:1)
  A rat (D:1)
21 creatures vanquished.

Notes
Turn   | Place    | Note
-------+----------+-------------------------------------------
     0 | D:1      | qw the Deep Elf Hunter began the quest for the Orb.
     0 | D:1      | Reached XP level 1. HP: 12/12 MP: 3/3
     0 | D:1      | 0 ||| qw: Version: 0.3-a-22-g0ed2b0b
     0 | D:1      | 0 ||| qw: Game counter: 4872
     0 | D:1      | 0 ||| qw: Melee chars always use a shield: true
     0 | D:1      | 0 ||| qw: God list: Okawaru
     0 | D:1      | 0 ||| qw: Allow faded altars: false
     0 | D:1      | 0 ||| qw: Do Orc after clearing Dungeon:15 true
     0 | D:1      | 0 ||| qw: Do second Lair branch before Depths: true
     0 | D:1      | 0 ||| qw: Lair rune preference: random
     0 | D:1      | 0 ||| qw: Goals: Normal
     0 | D:1      | 0 ||| PLANNING D:1-11
    43 | D:1      | 43 ||| FLEEEEING.
    44 | D:1      | 44 ||| FLEEEEING.
    46 | D:1      | 46 ||| FLEEEEING.
    47 | D:1      | 47 ||| FLEEEEING.
    48 | D:1      | 48 ||| FLEEEEING.
    52 | D:1      | 52 ||| FLEEEEING.
    53 | D:1      | 53 ||| FLEEEEING.
    54 | D:1      | 54 ||| FLEEEEING.
    55 | D:1      | 55 ||| FLEEEEING.
    56 | D:1      | 56 ||| FLEEEEING.
    57 | D:1      | 57 ||| FLEEEEING.
    58 | D:1      | 58 ||| FLEEEEING.
    59 | D:1      | 59 ||| FLEEEEING.
    60 | D:1      | 60 ||| FLEEEEING.
    61 | D:1      | 61 ||| FLEEEEING.
    62 | D:1      | 62 ||| FLEEEEING.
    63 | D:1      | 63 ||| FLEEEEING.
    64 | D:1      | 64 ||| FLEEEEING.
   125 | D:1      | Reached skill level 6 in Ranged Weapons
   125 | D:1      | Reached XP level 2. HP: 16/16 MP: 4/4
   293 | D:1      | HP: 4/16 [frilled lizard (2)]
   303 | D:1      | HP: 4/16 [rat (2)]
   307 | D:1      | Slain by a frilled lizard

Levels and vault maps discovered:
D:1:      tekkud_arrival_beachfront_property, layout_rooms, minmay_pentomino_s4

Skill      XL: |  1 |
---------------+----+-----
Ranged Weapons | 6 |  6.5
Fighting       | |  1.5
Dodging        | |  2.4
Stealth        | |  1.2

Action                     || total
---------------------------++-------
   Fire: Shortbow          ||    74
 Armour: Leather armour    ||    22
  Dodge: Dodged            ||    42

Table legend:
 A = Non-vault XP
 B = Vault XP
 C = Vault XP percentage of total XP
 D = Non-vault monster count
 E = Vault monster count
 F = Vault count percentage of total count
                 A         B        C        D         E       F
            +---------+---------+-------+---------+---------+-------
      Total |      33 |       3 |   8.3 |      19 |       2 |   9.5
            +---------+---------+-------+---------+---------+-------
        D:1 |      33 |       3 |   8.3 |      19 |       2 |   9.5
            +---------+---------+-------+---------+---------+-------
